 Dungeon Crawl Stone Soup version 0.30-a0-540-g0af01429fa (webtiles) character file.

Game seed: 12209726771152570649

21 Shayle the Sneak (level 2, -2/18 HPs)
             Began as a Tengu Brigand on Dec 26, 2022.
             Slain by a gnoll
             ... wielding a +0 whip
              (5 damage)
             ... on level 1 of the Dungeon.
             The game lasted 00:01:48 (682 turns).

Shayle the Sneak (Tengu Brigand)                     Turns: 682, Time: 00:01:49

Health: -2/18      AC:  3    Str: 11    XL:     2   Next: 87%
Magic:  3/3        EV: 12    Int: 11    God:
Gold:   31         SH:  0    Dex: 15    Spells: 1/1 levels left

rFire   . . .      SeeInvis .    a - +2 dagger
rCold   . . .      Faith    .    (no shield)
rNeg    . . .      Spirit   .    b - +0 robe
rPois   .          Reflect  .    (helmet restricted)
rElec   .          Harm     .    c - +0 cloak
rCorr   .          Rampage  .    (no gloves)
Will    .....                    (boots unavailable)
Stlth   +++                      (no amulet)
HPRegen 0.23/turn                (no ring)
MPRegen 0.08/turn                (no ring)

@: no status effects
A: beak, talons 3
a: no special abilities


You were on level 1 of the Dungeon.
You visited 1 branch of the dungeon, and saw 2 of its levels.

You collected 31 gold pieces.

Inventory:

Hand Weapons
 a - a +2 dagger (weapon)
Missiles
 d - 9 poisoned darts (quivered)
 e - 8 curare-tipped darts
Armour
 b - a +0 robe (worn)
 c - a +0 cloak (worn)
Scrolls
 f - a scroll of magic mapping {unknown}
 g - 2 scrolls of fog {unknown}
 i - 3 scrolls of identify {unknown}
 j - 3 scrolls of torment {unknown}
 m - a scroll of noise {unknown}
Potions
 h - 2 potions of mutation {unknown}
 k - a potion of might {unknown}
 l - a potion of flight {unknown}
 n - a potion of curing {unknown}


   Skills:
 + Level 2.3 Fighting
 + Level 2.5 Short Blades
 - Level 2.0 Throwing
 + Level 1.7 Dodging
 + Level 4.2 Stealth


You had one spell level left.
You didn't know any spells.
Your spell library was empty.

Dungeon Overview and Level Annotations

Branches:
Dungeon (2/15)

Altars:


Innate Abilities, Weirdness & Mutations

You have a beak for a mouth.
You have claws for feet.


Message History

Where to? (? - help)
There is a stone staircase leading down here.
You climb downwards.
There is a stone staircase leading up here.
There are monsters nearby!
Found a scroll labelled NAURUO FALO.
The gnoll shouts!
You hear a shout! x2
A gnoll comes into view. It is wielding a +0 flail. x2
There is a stone staircase leading up here.
The gnoll misses you.
You climb upwards.
There is a stone staircase leading down here.
The gnoll barely misses you.
You closely miss the gnoll. Your kick misses the gnoll.
You peck the gnoll, but do no damage. You hit the gnoll. You claw the gnoll.
The gnoll is moderately wounded.
The gnoll barely misses you.
You closely miss the gnoll. You peck the gnoll, but do no damage.
The gnoll is moderately wounded.
The gnoll barely misses you.
You hit the gnoll. Your kick misses the gnoll.
The gnoll is heavily wounded.
The gnoll barely misses you.
You hit the gnoll but do no damage. You peck the gnoll, but do no damage.
The gnoll is heavily wounded.
The gnoll hits you with a +0 whip.
You hit the gnoll. You claw the gnoll, but do no damage.
Your peck misses the gnoll.
The gnoll is severely wounded.
The gnoll hits you with a +0 whip.
You completely miss the gnoll.
The gnoll is severely wounded.
The gnoll hits you with a +0 whip!
Ouch! That really hurt!
* * * LOW HITPOINT WARNING * * *
You closely miss the gnoll. Your kick misses the gnoll.
The gnoll is severely wounded.
The gnoll hits you with a +0 whip.
You die...

...................##.##...#.####
##.................##.......รท....
##.#####.########.....###.##.####
##.# #.# ###.### #.##.# # ##.# #.#
#.# #.##.# # ##.# ###.# #.# #.##.#
# ##.# #...# #.#####.##.# # ...#
#.### #####........#.# # ######.#
#>@............#### .....#.#
##g##............... ####.#.#
##.#.#...###..####### #.#.#
####.###.#.## #..#######
#.#.###...## ##..# #.........
#.#........###...# ##.#######
#.#####.#.#.#.#..# #.# # ####.#
#.#.##.....# #.# # .....#
#.#.###....#####.# #


You could see a gnoll.

Vanquished Creatures
  2 dart slugs (D:1)
  5 ball pythons (D:1)
  2 endoplasms (D:1)
  3 hobgoblins (D:1)
  4 bats (D:1)
16 creatures vanquished.

Notes
Turn   | Place    | Note
-------+----------+-------------------------------------------
     0 | D:1      | Shayle the Tengu Brigand began the quest for the Orb.
     0 | D:1      | Reached XP level 1. HP: 12/12 MP: 2/2
   195 | D:1      | Reached XP level 2. HP: 10/17 MP: 3/3
   682 | D:1      | Slain by a gnoll

Illustrated notes

Levels and vault maps discovered:
D:1:      eino_arrival_cavern_e, layout_loops_ring,
          minmay_misc_feat_four_crosses, minivault_14
D:2:      minmay_spotlight, layout_basic, basic_ecumenical_altar,
          chequers_avenue, grunt_decor_resistance, minmay_divided_ellipse

Action                   || total
-------------------------++-------
Melee: Dagger            ||    30
       Kick              ||    10
       Peck              ||     5
 Stab: Sleeping          ||     4
Armor: Robe              ||     2
Dodge: Dodged            ||    17

Table legend: (Time is in decaauts)
 A = Elapsed time spent in this place.
 B = Non-inter-level travel time spent in this place.
 C = Inter-level travel time spent in this place.
 D = Time resting spent in this place.
 E = Time spent auto-exploring this place.
 F = Levels seen in this place.
 G = Mean time per level.
                   A        B        C        D        E       F      G
               +--------+--------+--------+--------+--------+-----+--------+
         Total |    678 |    662 |     16 |      0 |    483 |   2 |  339.0 |
       Dungeon |    678 |    662 |     16 |      0 |    483 |   2 |  339.0 |
               +--------+--------+--------+--------+--------+-----+--------+

Top non-repeatable levels by time:
     D:1: 673 daAuts
     D:2: 5 daAuts
